 Dungeon Crawl Stone Soup version 0.27-a0-1565-gad902ab807 (webtiles) character file.

Game seed: 14873836407484504755

52122 wakim the Protected (level 14, 0/122 HPs)
             Began as a Minotaur Fighter on July 16, 2021.
             Was a Believer of the Shining One.
             Blown up by an eye of devastation (24 damage)
             ... with a bolt of energy
             ... on level 6 of the Lair of Beasts.
             The game lasted 01:03:29 (26838 turns).

wakim the Protected (Minotaur Fighter)             Turns: 26838, Time: 01:03:29

Health: 0/122      AC: 19    Str: 25    XL:     14   Next: 26%
Magic:  18/18      EV:  8    Int:  6    God:    the Shining One [**....]
Gold:   1016       SH: 24    Dex: 14    Spells: 13/13 levels left

rFire    . . .     SeeInvis .   a - +0 morningstar
rCold    . . .     Faith    .   n - +0 tower shield
rNeg     + . .     Spirit   .   f - +0 plate armour
rPois    .         Reflect  +   (helmet restricted)
rElec    .         Harm     .   h - +1 cloak
rCorr    +         Rampage  .   (no gloves)
Will     ++...                  (no boots)
Stlth    ..........             j - amulet of reflection
HPRegen  0.30/turn              p - ring "Omaihay" {Will+ rCorr Dex+4}
MPRegen  0.16/turn              (no ring)

@: glowing
A: horns 2, retaliatory headbutt
a: Renounce Religion, Divine Shield


You were on level 6 of the Lair of Beasts.
You worshipped the Shining One.
The Shining One was pleased with you.
You visited 3 branches of the dungeon, and saw 18 of its levels.

You collected 1076 gold pieces.
You spent 60 gold pieces at shops.

Inventory:

Hand Weapons
 a - a +0 morningstar (weapon)
 b - a +3 whip
Missiles
 d - 6 atropa-tipped darts
 e - 96 poisoned darts (quivered)
 i - 183 bolts
 k - 330 arrows
 o - a curare-tipped dart {=f}
Armour
 f - a +0 plate armour (worn)
 g - the +3 leather armour of Ipeniff {rElec rC+ Will+ Int+4}
   (You found it on level 4 of the Dungeon)

   Int:       It affects your intelligence (+4).
   rC:        It protects you from cold.
   rElec:     It insulates you from electricity.
   Will:      It increases your willpower.
 h - a +1 cloak (worn)
 n - a +0 tower shield (worn)
Jewellery
 j - an amulet of reflection (around neck)
 l - a ring of ice
 m - a ring of fire
 p - the ring "Omaihay" (left hand) {Will+ rCorr Dex+4}
   (You found it on level 8 of the Dungeon)

   [ring of willpower]

   Dex:       It affects your dexterity (+4).
   rCorr:     It protects you from acid and corrosion.
   Will:      It increases your willpower.
Wands
 t - a wand of digging (7)
 u - a wand of mindburst (5)
 v - a wand of flame (34)
 x - a wand of charming (5)
 y - a wand of paralysis (25)
Scrolls
 c - 2 scrolls of enchant weapon
 R - a scroll of magic mapping {!r}
 T - 2 scrolls of teleportation
 U - 2 scrolls of fear
 W - a scroll of holy word
 X - a scroll of fog
 Y - 2 scrolls of blinking {!r}
Potions
 B - 7 potions of attraction {!q}
 D - 2 potions of brilliance
 E - a potion of cancellation
 F - 5 potions of curing
 G - 2 potions of flight
 H - a potion of haste
 K - a potion of magic
 L - 3 potions of lignification {!q}
 N - 2 potions of might


   Skills:
 + Level 10.8 Fighting
 * Level 14.2 Maces & Flails
 + Level 4.8 Throwing
 * Level 14.3 Armour
 + Level 9.3 Dodging
 * Level 11.1 Shields
 * Level 6.9 Invocations
 * Level 7.0 Evocations


You had 13 spell levels left.
You didn't know any spells.
Your spell library contained the following spells:

 Spells                   Type           Power      Damage    Failure   Level
 Corona                   Hex            0%         N/A       100%        1
 Summon Small Mammal      Summ           0%         N/A       100%        1
 Ensorcelled Hibernation  Hex/Ice        0%         N/A       100%        2
 Sublimation of Blood     Necr           0%         N/A       100%        2
 Call Canine Familiar     Summ           0%         N/A       100%        3
 Dazzling Flash           Conj/Hex       0%         N/A       100%        3
 Summon Guardian Golem    Hex/Summ       0%         N/A       100%        3
 Tukima's Dance           Hex            0%         N/A       100%        3
 Airstrike                Air            0%         N/A       100%        4
 Animate Dead             Necr           0%         N/A       100%        4
 Iskenderun's Mystic Bla  Conj/Tloc      0%         2d3       100%        4
 Petrify                  Tmut/Erth      0%         N/A       100%        4
 Summon Lightning Spire   Summ/Air       0%         N/A       100%        4
 Borgnjor's Vile Clutch   Necr/Erth      0%         N/A       100%        5
 Irradiate                Conj/Tmut      0%         3d14      100%        5
 Lightning Bolt           Conj/Air       0%         1d11      100%        5
 Death Channel            Necr           0%         N/A       100%        6
 Starburst                Conj/Fire      0%         8x6d3     100%        6
 Storm Form               Tmut/Air       0%         N/A       100%        7
 Maxwell's Capacitive Co  Air            0%         ∞         100%        8


Dungeon Overview and Level Annotations

Branches:
Dungeon (11/15)            Temple (1/1) D:7            Lair (6/6) D:10
  Swamp (0/4) Lair:2       Spider (0/4) Lair:2        Slime (0/5) Lair:6
    Orc (0/2) D:11

Altars:
Ashenzari
Cheibriados
Dithmenos
Elyvilon
Fedhas
Gozag
Hepliaklqana
Kikubaaqudgha
Makhleb
Nemelex Xobeh
Okawaru
Qazlal
Ru
Sif Muna
Trog
Uskayaw
Vehumet
Wu Jian
Xom
Yredelemnul
Zin
The Shining One

Shops:
D:11 (

Annotations:
D:11 Erolcha


Innate Abilities, Weirdness & Mutations

You have a pair of horns on your head.
You reflexively headbutt those who attack you in melee.


Message History

The puff of flame hits the eye of devastation.
The eye of devastation is moderately wounded.
Aiming: Throw Flame
Press: ? - help, Shift-Dir - straight line, f/p - eye of devastation
Aim: an eye of devastation (moderately wounded, haloed, 100% to hit)
The puff of flame hits the eye of devastation.
The eye of devastation is moderately wounded.
Aiming: Throw Flame
Press: ? - help, Shift-Dir - straight line, f/p - eye of devastation
Aim: an eye of devastation (moderately wounded, haloed, 100% to hit)
The puff of flame hits the eye of devastation.
The eye of devastation is moderately wounded.
The eye of devastation gazes at you. The bolt of energy hits you!!!
The eye of devastation gazes at you. The bolt of energy hits you!!
* * * LOW HITPOINT WARNING * * *
You hit the eye of devastation but do no damage.
The eye of devastation is moderately wounded.
The eye of devastation gazes at you. The bolt of energy hits you.
* * * LOW HITPOINT WARNING * * *
You hit the eye of devastation but do no damage.
You headbutt the eye of devastation!
The eye of devastation is heavily wounded.
You hit the eye of devastation.
You headbutt the eye of devastation, but do no damage.
The eye of devastation is heavily wounded.
The eye of devastation gazes at you. The bolt of energy misses you.
Unknown command.
You puncture the eye of devastation!
The eye of devastation is severely wounded.
The eye of devastation gazes at you. The bolt of energy hits you!!
* * * LOW HITPOINT WARNING * * *
You feel better. The eye of devastation gazes at you.
The bolt of energy hits you!!
You die...

## #.#.....#.#.#.#.#....
........#.................... #
.#...♣...+.#.♣.#.+...♣...#....
##..........#.....#.#............
....#..#.#....#...#.#.##.##.#....
....#.......##.....###.....#.....
.....###..#..##.+#.#...#.........
.............##.G.##.............
.............÷..@..♣.............
.........#..##♣.<.♣........#.....
.###.....#####.....#..P.....###.
#.....#....#.♣.......#...#
.###(....##.....###.........#
...(.....#.......##..........
.....(..##.......##..........
.##.....###.P..##.#...P.#...
#......##....##.#....##..


You could see an eye of devastation.

Vanquished Creatures
  Rupert (Lair:4)
  3 hydras
  2 boulder beetles
  A catoblepas (Lair:5)
  2 anacondas (Lair:6)
  17 death yaks
  3 elephants
  3 black mambas
  Maurice (D:11)
  A torpor snail (Lair:3)
  12 rime drakes
  3 cane toads
  2 komodo dragons
  2 trolls
  2 hornets
  2 tyrant leeches (Lair:2)
  23 blink frogs
  5 polar bears
  A meliai zombie (D:10)
  12 dream sheep (Lair:5)
  A tarantella (Lair:2)
  51 yaks
  A vampire (D:8)
  5 wyverns
  A wraith (D:6)
  Sigmund (D:2)
  2 shadows
  3 basilisks
  10 steam dragons
  3 acid dragons
  A swamp worm (Lair:2)
  A floating eye (Lair:6)
  15 water moccasins
  4 orc warriors
  5 black bears
  A sky beast (D:5)
  3 necrophages (D:4)
  13 centaurs
  11 wolves
  A kobold brigand (D:8)
  12 bullfrogs
  A scorpion (D:5)
  A vampire bat (Lair:5)
  8 killer bees
  A howler monkey (D:4)
  4 wights (D:8)
  An electric eel (D:11)
  4 centaur zombies
  4 orc priests
  A gnoll shaman (D:5)
  2 hounds (D:4)
  4 iguanas
  5 orc wizards
  A killer bee zombie (D:8)
  A hound zombie (D:5)
  A howler monkey zombie (D:5)
  Robin (D:2)
  11 gnolls
  8 adders
  2 white imps
  An ufetubus (D:6)
  An adder skeleton (D:4)
  A worm (D:2)
  3 dart slugs
  23 orcs
  4 endoplasms (D:1)
  3 giant cockroaches
  16 goblins
  9 hobgoblins
  2 jackals (D:3)
  12 kobolds
  9 quokkas
  9 ball pythons
  11 bats
  4 frilled lizards
  A jackal skeleton (D:4)
  7 rats
420 creatures vanquished.

Vanquished Creatures (others)
  An orc wizard (D:9)
  51 fungi
  57 plants
  A withered plant (Lair:6)
110 creatures vanquished.

Grand Total: 530 creatures vanquished

Notes
Turn   | Place    | Note
-------+----------+-------------------------------------------
     0 | D:1      | wakim the Minotaur Fighter began the quest for the Orb.
     0 | D:1      | Reached XP level 1. HP: 19/19 MP: 0/0
   159 | D:1      | Reached XP level 2. HP: 27/27 MP: 1/1
   165 | D:1      | Found a faded altar of an unknown god.
   786 | D:2      | Reached XP level 3. HP: 31/33 MP: 2/2
   835 | D:2      | Identified the +0 helmet "Ceupynki" {Int+3 Dex-2}
   835 | D:2      | Noticed Robin
   843 | D:2      | Killed Robin
  1033 | D:2      | Noticed Sigmund
  1433 | D:2      | Reached XP level 4. HP: 35/40 MP: 3/3
  1524 | D:3      | Reached skill level 1 in Dodging
  2420 | D:3      | Reached XP level 5. HP: 24/46 MP: 0/4
  2891 | D:4      | Noticed a necrophage
  2897 | D:4      | Killed a necrophage
  2898 | D:4      | Reached skill level 5 in Armour
  2959 | D:4      | Reached XP level 6. HP: 21/53 MP: 1/5
  3115 | D:4      | Reached skill level 5 in Maces & Flails
  3664 | D:4      | Identified the +3 leather armour of Ipeniff {rElec rC+
                  | Will+ Int+4}
  3831 | D:4      | Reached skill level 5 in Fighting
  3831 | D:4      | Reached XP level 7. HP: 52/61 MP: 6/6
  4649 | D:5      | Entered Level 5 of the Dungeon
  5274 | D:5      | Reached XP level 8. HP: 42/69 MP: 7/7
  5893 | D:2      | Killed Sigmund
  6148 | D:6      | Reached skill level 5 in Shields
  7417 | D:6      | Reached XP level 9. HP: 35/78 MP: 8/8
  7957 | D:7      | Found a staircase to the Ecumenical Temple.
  8101 | D:7      | Found a faded altar of an unknown god.
  8101 | D:7      | Found a basalt altar of Yredelemnul.
  8107 | D:7      | Found a blossoming altar of Fedhas.
  8109 | D:7      | Found an opulent altar of Gozag.
  8111 | D:7      | Found a hazy altar of Hepliaklqana.
  9068 | D:8      | Reached skill level 5 in Dodging
  9173 | D:8      | Found a hide-covered altar of Uskayaw.
  9512 | D:8      | Identified the ring "Omaihay" {Will+ rCorr Dex+4}
 10455 | D:9      | Reached skill level 10 in Armour
 10718 | D:9      | Reached skill level 10 in Maces & Flails
 11293 | D:9      | Reached XP level 10. HP: 88/88 MP: 9/9
 12227 | D:10     | Entered Level 10 of the Dungeon
 12384 | D:10     | Noticed a death yak
 12385 | D:10     | Noticed a death yak
 12385 | D:10     | Noticed a death yak
 13164 | D:10     | Noticed a death yak
 13166 | D:10     | Noticed a death yak
 13195 | D:10     | Killed a death yak
 13526 | D:10     | Found a staircase to the Lair.
 13903 | Temple   | Entered the Ecumenical Temple
 14012 | Temple   | Became a worshipper of the Shining One
 14181 | D:10     | Found a white marble altar of Elyvilon.
 14194 | D:10     | Found a shimmering blue altar of Sif Muna.
 14410 | D:11     | Noticed Maurice
 14453 | D:11     | Killed Maurice
 14573 | D:11     | Reached XP level 11. HP: 61/95 MP: 10/10
 14857 | D:11     | Found a staircase to the Orcish Mines.
 14871 | D:11     | Found Feniycab's Weapon Shop.
 14890 | D:11     | Bought a +0 morningstar for 60 gold pieces
 14921 | D:11     | Found a white marble altar of Elyvilon.
 15273 | D:11     | Reached skill level 1 in Evocations
 15993 | D:11     | Noticed Erolcha
 16041 | Lair:1   | Entered Level 1 of the Lair of Beasts
 16905 | Lair:1   | Identified the +6 long sword of Chaos {protect, Str+3
                  | Dex+3}
 17412 | Lair:2   | Reached skill level 1 in Invocations
 17654 | Lair:2   | Reached skill level 1 in Throwing
 18046 | Lair:2   | Reached * piety under the Shining One
 18087 | Lair:2   | Reached XP level 12. HP: 57/105 MP: 12/12
 19059 | Lair:2   | Found a staircase to the Swamp.
 19772 | Lair:2   | Found a hole to the Spider Nest.
 21598 | Lair:4   | Reached skill level 5 in Evocations
 21618 | Lair:4   | Reached skill level 10 in Fighting
 21630 | Lair:4   | Noticed Rupert
 22327 | Lair:4   | Killed Rupert
 22328 | Lair:4   | Reached XP level 13. HP: 35/113 MP: 15/15
 23012 | Lair:5   | Reached ** piety under the Shining One
 23058 | Lair:4   | Reached skill level 5 in Invocations
 23535 | Lair:4   | Reached skill level 10 in Shields
 24098 | Lair:5   | Found an ornate altar of the Wu Jian Council.
 24100 | Lair:5   | Found a hide-covered altar of Uskayaw.
 24792 | Lair:6   | Entered Level 6 of the Lair of Beasts
 25518 | Lair:6   | Paralysed by a floating eye for 2 turns
 25549 | Lair:6   | Found a bloodstained altar of Trog.
 25551 | Lair:6   | Found a staircase to the Slime Pits.
 25793 | Lair:6   | Reached XP level 14. HP: 86/122 MP: 17/17
 26838 | Lair:6   | Blown up by an eye of devastation

Illustrated notes

Levels and vault maps discovered:
D:1:      grunt_arrival_lava_bath, layout_loops_ring,
          ebering_ecumenical_altar_webs
D:2:      layout_rooms, uniq_sigmund, uniq_robin
D:3:      layout_basic
D:4:      layout_loops_corners, grunt_ministairs_11, minmay_stone_trees_small,
          chequers_mini_garden, minmay_checkerbox
D:5:      layout_basic, minmay_misc_feat_chi
D:6:      black_bear_nest_2, layout_basic, amethyst_killhole
D:7:      layout_gridville, chequers_temple_overflow_minitemple,
          minmay_temple_entry_statues_fountains
D:8:      layout_basic, eat_drink_and_be_merry_uskayaw
D:9:      layout_stronghold
D:10:     layout_loops_corners, mainiacjoe_overflow_swirl, dpeg_lair_monsters
D:11:     layout_irregular_city, orc_david_3, amcnicky_mini_pool_small,
          nicolae_elyvilon_temple_path, uniq_erolcha, uniq_maurice
Temple:   regret_index_temple_waves
Lair:1:   layout_regular_city
Lair:2:   layout_regular_city, minmay_swamp_entry_worms,
          spider_nest_entry_rubble, bobbens_dragon_lair_wall
Lair:3:   layout_cellular_growth, serial_bayou_shore_b
Lair:4:   layout_long_grid, uniq_rupert
Lair:5:   layout_loops_ring, roderic_batcave, serial_bayou_pond_d,
          nzn_masters_of_martial_movement, grunt_megastairs_4,
          lemuel_fruit_fields
Lair:6:   due_jungle_book, layout_regular_city, minmay_slime_entry_eyes,
          basic_altar, serial_bayou_shore_b, minmay_lair_oklob_chamber,
          grunt_megastairs_1

Skill      XL: |  1  2  3  4  5  6  7  8  9 10 11 12 13 14 |
---------------+-------------------------------------------+-----
Armour         | 4 5 6 7 8 10 11 12 13 14 | 14.3
Maces & Flails | 3 4 5 6 8 10 11 12 13 14 | 14.2
Shields        | 4 5 6 8 9 10 11 | 11.1
Fighting       | 4 5 6 7 8 9 10 | 10.8
Dodging        | 1 2 3 4 6 7 8 9 |  9.3
Evocations     | 3 5 6 7 |  7.0
Invocations    | 2 4 6 |  6.9
Throwing       | 1 3 4 |  4.8

Action                   |  1- 3 |  4- 6 |  7- 9 | 10-12 | 13-15 || total
-------------------------+-------+-------+-------+-------+-------++-------
Melee: Flail             |   126 |    94 |   283 |   229 |       ||   732
       Headbutt          |    16 |    19 |    67 |   214 |   127 ||   443
       Halberd           |       |    35 |       |       |       ||    35
       Morningstar       |       |       |       |   514 |   394 ||   908
       Whip              |       |       |       |    72 |       ||    72
Throw: Dart              |       |       |    18 |    10 |    27 ||    55
Invok: Divine Shield     |       |       |       |       |     3 ||     3
Evoke: Wand              |       |       |     3 |     7 |    12 ||    22
  Use: Scroll            |     2 |     2 |    10 |     8 |     1 ||    23
       Potion            |       |       |     2 |     5 |     1 ||     8
Armor: Scale mail        |    17 |       |       |       |       ||    17
       Chain mail        |    52 |    54 |       |       |       ||   106
       Plate armour      |       |     4 |   171 |   395 |   104 ||   674
       Skin              |       |       |    11 |       |       ||    11
Dodge: Dodged            |    29 |    37 |    62 |   167 |    73 ||   368
Block: Kite shield       |    65 |    52 |   173 |    49 |       ||   339
       Tower shield      |       |       |       |   783 |   432 ||  1215
       Reflection        |       |       |       |     6 |     3 ||     9

Table legend: (Time is in decaauts)
 A = Elapsed time spent in this place.
 B = Non-inter-level travel time spent in this place.
 C = Inter-level travel time spent in this place.
 D = Time resting spent in this place.
 E = Time spent auto-exploring this place.
 F = Levels seen in this place.
 G = Mean time per level.
                   A        B        C        D        E       F      G
               +--------+--------+--------+--------+--------+-----+--------+
         Total |  27259 |  25777 |   1482 |   1863 |  19250 |  18 | 1514.4 |
       Dungeon |  16177 |  15048 |   1129 |    881 |  11633 |  11 | 1470.6 |
        Temple |    128 |    109 |     19 |      0 |     80 |   1 |  128.0 |
          Lair |  10952 |  10620 |    332 |    982 |   7537 |   6 | 1825.3 |
               +--------+--------+--------+--------+--------+-----+--------+

Top non-repeatable levels by time:
  Lair:2: 3020 daAuts
  Lair:4: 2600 daAuts
     D:9: 2243 daAuts
  Lair:5: 2071 daAuts
     D:4: 1997 daAuts
    D:11: 1720 daAuts
    D:10: 1524 daAuts
     D:8: 1500 daAuts
     D:6: 1468 daAuts
     D:3: 1419 daAuts
     D:7: 1303 daAuts
  Lair:1: 1189 daAuts
     D:5: 1152 daAuts
  Lair:3: 1146 daAuts
     D:2: 977 daAuts
